 Dungeon Crawl Stone Soup version 0.29-a0-409-gd843f3a48c (webtiles) character file.

Game seed: 6437950067610169725

9810 zishaf the Merchant of Misery (level 11, -3/67 (76) HPs)
             Began as a Tengu Necromancer on May 13, 2022.
             Was a Believer of Kikubaaqudgha.
             Slain by a spectral orc warrior
             ... wielding a +0 trident
             ... summoned by Nergalle
              (12 damage)
             ... on level 10 of the Dungeon.
             The game lasted 00:29:48 (14470 turns).

zishaf the Merchant of Misery (Tengu Necromancer)  Turns: 14470, Time: 00:29:49

HP:   -3/67 (76)    AC: 10    Str:  8    XL:     11   Next: 52%
MP:   3/17          EV: 18    Int: 25    God:    Kikubaaqudgha [**....]
Gold: 1660          SH:  0    Dex: 15    Spells: 6/17 levels left

rFire   + . .      SeeInvis .   I - +4 dagger "Morg" {pain, Will+ Int+5}
rCold   . . .      Faith    .   (no shield)
rNeg    . . .      Spirit   .   a - +0 steam dragon scales
rPois   .          Reflect  .   (helmet restricted)
rElec   +          Harm     .   g - +2 cloak "Istupowk" {rElec rF+}
rCorr   .          Rampage  .   D - +1 pair of gloves
Will    +....                   (boots unavailable)
Stlth   ++........              m - amulet of the acrobat
HPRegen 0.21/turn               v - +4 ring of evasion
MPRegen 0.15/turn               H - ring of wizardry

@: lethally poisoned (-3 -> -9), flying quickly and evasively, heavily drained,
quick
A: beak, talons 3, nimble flight, wild magic 1
a: Renounce Religion, Receive Corpses


You were on level 10 of the Dungeon.
You worshipped Kikubaaqudgha.
Kikubaaqudgha was pleased with you.
You visited 2 branches of the dungeon, and saw 11 of its levels.
You also visited: Bailey.

You collected 1660 gold pieces.

Inventory:

Hand Weapons
 d - a +0 short sword
 l - a +3 mace of protection
 I - the +4 dagger "Morg" (weapon) {pain, Will+ Int+5}
   (You found it on level 9 of the Dungeon)

   In the hands of one skilled in necromantic magic, it inflicts extra damage on
   living creatures.
   Int:       It affects your intelligence (+5).
   Will:      It increases your willpower.
Missiles
 u - 2 throwing nets
Armour
 a - +0 steam dragon scales (worn)
 g - the +2 cloak "Istupowk" (worn) {rElec rF+}
   (You acquired it on level 4 of the Dungeon)

   rF:        It protects you from fire.
   rElec:     It insulates you from electricity.
 i - a scarf of resistance
 n - a +2 robe of positive energy
 y - a +1 leather armour of poison resistance
 A - a +2 ring mail of willpower
 D - a +1 pair of gloves (worn)
 J - a +0 troll leather armour
Jewellery
 h - an amulet of guardian spirit
 m - an amulet of the acrobat (around neck)
 v - a +4 ring of evasion (left hand)
 H - a ring of wizardry (right hand)
Wands
 w - a wand of flame (9)
 x - a wand of acid (5)
 E - a wand of iceblast (4)
Scrolls
 e - 4 scrolls of amnesia
 f - a scroll of fear
 k - 8 scrolls of teleportation
 t - a scroll of poison
 C - a scroll of enchant weapon
 F - 3 scrolls of enchant armour
 G - 2 scrolls of identify
Potions
 b - a potion of magic
 c - 3 potions of cancellation
 j - 5 potions of mutation
 o - 2 potions of curing
 p - a potion of haste
 q - 5 potions of ambrosia
 r - a potion of attraction
 s - 2 potions of brilliance
 z - 2 potions of lignification
 B - 2 potions of heal wounds


   Skills:
 + Level 11.9 Fighting
 - Level 3.0 Maces & Flails
 - Level 2.1 Dodging
 - Level 2.0 Stealth
 + Level 3.8 Spellcasting
 + Level 3.0 Summonings
 + Level 13.7 Necromancy


You had 6 spell levels left.
You knew the following spells:

 Your Spells              Type           Power      Damage    Failure   Level
a - Pain                  Necr           100%       1d9       1%          1
b - Vampiric Draining     Necr           76%        2d11      1%          3
c - Animate Dead          Necr           38%        N/A       1%          4
d - Call Canine Familiar  Summ           25%        N/A       5%          3

Your spell library contained the following spells:

 Spells                   Type           Power      Damage    Failure   Level
 Animate Skeleton         Necr           100%       N/A       1%          1
 Summon Small Mammal      Summ           100%       N/A       1%          1
 Corpse Rot               Necr/Air       100%       N/A       1%          2
 Agony                    Necr           76%        N/A       1%          5
 Slow                     Hex            24%        N/A       6%          1
 Summon Guardian Golem    Hex/Summ       16%        N/A       9%          3
 Confusing Touch          Hex            6%         N/A       16%         3


Dungeon Overview and Level Annotations

Branches:
Dungeon (10/15)            Temple (1/1) D:6            Lair (0/6) D:10
 Bailey (visited)
    Orc: D:9-12

Altars:
Fedhas
Hepliaklqana
Kikubaaqudgha
Makhleb
Nemelex Xobeh
Okawaru
Qazlal
Ru
Sif Muna
Trog
Wu Jian
Xom
Zin
The Shining One

Annotations:
D:10 Nergalle


Innate Abilities, Weirdness & Mutations

You have a beak for a mouth.
You have claws for feet.
Your magical nature lets you fly swiftly and evasively.
Your spells are a little harder to cast, but a little more powerful.


Message History

The spectral orc warrior closely misses you.
Aiming: Corrosive Bolt
Press: ? - help, Shift-Dir - straight line, f - warg, p - Nergalle
Aim: a warg (64% to hit)
The bolt of acid misses Nergalle.
The bolt of acid misses the warg.
The bolt of acid hits something!
The acid corrodes something!
The bolt of acid hits the orc wizard!
The orc wizard is heavily wounded.
Nergalle points at you and mumbles some strange words.
The bolt of negative energy misses you.
The bolt of negative energy hits the spectral orc warrior.
The spectral orc warrior completely resists.
The bolt of negative energy hits the spectral orc warrior.
The spectral orc warrior completely resists.
The spectral orc warrior misses you.
The spectral orc warrior barely misses you.
The spectral orc warrior hits you from afar with a +0 glaive!
* * * LOW HITPOINT WARNING * * *
You feel drained.
Aiming: Corrosive Bolt
Press: ? - help, Shift-Dir - straight line, f/p - warg
Aim: a warg (64% to hit)
The bolt of acid hits Nergalle!
The acid corrodes Nergalle!
Nergalle is almost dead.
The bolt of acid hits the warg!
The acid corrodes the warg!
The warg is moderately wounded.
The bolt of acid hits something!
Kikubaaqudgha accepts your kill.
Reactivating autopickup.
You feel a bit more experienced.
The bolt of acid hits the orc wizard!
The acid corrodes the orc wizard!
You kill the orc wizard!
Kikubaaqudgha accepts your kill.
Nergalle hits you with a +2 dagger of venom.
* * * LOW HITPOINT WARNING * * *
You are poisoned.
The spectral orc warrior misses you.
The spectral orc warrior hits you with a +0 trident!
You die...
Kikubaaqudgha rasps: "You have failed me!
Welcome... death!"

#.# #.# #.#
. #.# #.# ..
#.# #.# .P.
#.# #.# ....
#.# #†#
..... #.#
#<#
>.....####Z#
#.#
....ohho@ZZ#
#.#
.....#####Z#
#.# ... #.#
#.# . #.#
#.# #.# #.#
#.# #.# #.#
#.# #.# #.#
#.# #.#


You could see Nergalle (corroded), a spectral orc (summoned), 3 spectral orc
warriors, 2 wargs and an orc.

Vanquished Creatures
  An orc sorcerer (Bailey)
  A kobold demonologist (Bailey)
  A troll (D:10)
  Prince Ribbit (D:7)
  A hornet (D:8)
  21 yaks
  A shadow (D:9)
  A wyvern (D:7)
  A steam dragon (D:8)
  3 vampire mosquitoes (D:8)
  A warg (D:10)
  2 water moccasins
  Duvessa (D:7)
  A sky beast (D:6)
  13 orc warriors (Bailey)
  3 black bears
  4 ice beasts
  3 centaurs
  An ogre (D:6)
  A phantom (D:4)
  2 bullfrogs
  3 scorpions
  A necrophage (D:4)
  A gnoll sergeant (D:8)
  Dowan (D:7)
  6 killer bees (D:9)
  7 electric eels (Bailey)
  2 howler monkeys (D:8)
  A crimson imp (D:6)
  2 orc priests
  A jelly (D:7)
  A gnoll shaman (D:6)
  2 hounds
  3 iguanas
  Terence (D:3)
  9 orc wizards
  8 adders
  10 gnolls
  2 shadow imps
  A white imp (D:5)
  2 ufetubi (D:5)
  3 worms
  A dart slug (D:1)
  29 orcs
  12 ball pythons
  2 bats (D:1)
  8 endoplasms
  5 giant cockroaches
  25 goblins
  17 hobgoblins
  2 jackals (D:5)
  3 quokkas
  4 frilled lizards
  7 kobolds
  3 rats
  A spectral orc (D:5)
250 creatures vanquished.

Vanquished Creatures (others)
  A goblin (Bailey)
  A hobgoblin (Bailey)
2 creatures vanquished.

Grand Total: 252 creatures vanquished

Notes
Turn   | Place    | Note
-------+----------+-------------------------------------------
     0 | D:1      | zishaf the Tengu Necromancer began the quest for the Orb.
     0 | D:1      | Reached XP level 1. HP: 10/10 MP: 4/4
   381 | D:1      | Reached skill level 1 in Fighting
   381 | D:1      | Reached XP level 2. HP: 13/16 MP: 3/6
  1204 | D:1      | Reached XP level 3. HP: 19/20 MP: 5/7
  1208 | D:1      | Learned a level 3 spell: Vampiric Draining
  1259 | D:1      | Found a faded altar of an unknown god.
  1608 | D:2      | Reached skill level 5 in Necromancy
  2391 | D:2      | Reached XP level 4. HP: 23/27 MP: 3/8
  3212 | D:3      | Noticed Terence
  3219 | D:3      | Killed Terence
  3220 | D:3      | Gained mutation: Your magical nature lets you fly swiftly
                  | and evasively. [Tengu growth]
  3220 | D:3      | Reached XP level 5. HP: 27/32 MP: 4/9
  3618 | D:3      | Found a shimmering altar of Xom.
  4051 | D:3      | Learned a level 4 spell: Animate Dead
  4201 | D:4      | Identified a scroll of acquirement
  4201 | D:4      | Acquired the +2 cloak "Istupowk" {rElec rF+}
  4272 | D:4      | Found a shimmering blue altar of Sif Muna.
  4455 | D:4      | Reached skill level 6 in Necromancy
  4461 | D:4      | Reached XP level 6. HP: 29/38 MP: 5/10
  5637 | D:5      | Entered Level 5 of the Dungeon
  6504 | D:5      | Reached skill level 7 in Necromancy
  6504 | D:5      | Reached XP level 7. HP: 39/44 MP: 5/11
  6612 | D:5      | Gained mutation: Your spells are a little harder to cast,
                  | but a little more powerful. [potion of mutation]
  6612 | D:5      | Gained mutation: You are agile. (Dex +2) [potion of
                  | mutation]
  6612 | D:5      | Lost mutation: You are agile. (Dex +2) [potion of mutation]
  6684 | D:5      | Reached skill level 5 in Fighting
  7171 | D:5      | Found a hazy altar of Hepliaklqana.
  7362 | D:6      | Reached skill level 8 in Necromancy
  7384 | D:6      | Reached XP level 8. HP: 42/51 MP: 4/12
  7991 | D:6      | Found a staircase to the Ecumenical Temple.
  8003 | Temple   | Entered the Ecumenical Temple
  8031 | Temple   | Became a worshipper of Kikubaaqudgha
  8303 | D:6      | Found a burning altar of Makhleb.
  8308 | D:6      | Reached skill level 9 in Necromancy
  8555 | D:7      | Noticed Dowan
  8579 | D:7      | Noticed Duvessa
  8820 | D:7      | Reached XP level 9. HP: 44/59 MP: 7/13
  9067 | D:7      | Killed Duvessa
  9068 | D:7      | Reached skill level 10 in Necromancy
  9084 | D:7      | Killed Dowan
  9383 | D:7      | Noticed Prince Ribbit
  9401 | D:7      | Killed Prince Ribbit
 10267 | D:8      | Reached skill level 11 in Necromancy
 10754 | D:8      | Noticed a hornet
 10758 | D:8      | Killed a hornet
 10759 | D:8      | Reached XP level 10. HP: 68/68 MP: 7/14
 10895 | D:8      | Reached * piety under Kikubaaqudgha
 10895 | D:8      | Received a gift from Kikubaaqudgha
 10897 | D:8      | Reached skill level 10 in Fighting
 10910 | D:8      | Reached skill level 12 in Necromancy
 11462 | D:9      | Found a flagged portal.
 11586 | Bailey   | Entered a bailey
 12050 | Bailey   | Reached skill level 13 in Necromancy
 12474 | Bailey   | Acquired 1149 gold pieces
 12478 | Bailey   | Noticed an orc sorcerer
 12498 | Bailey   | Killed an orc sorcerer
 12499 | Bailey   | Reached skill level 1 in Maces & Flails
 12499 | Bailey   | Reached XP level 11. HP: 74/74 MP: 3/15
 12784 | Bailey   | Reached ** piety under Kikubaaqudgha
 13043 | Bailey   | Found an iron altar of Okawaru.
 13406 | D:9      | Learned a level 3 spell: Call Canine Familiar
 13671 | D:9      | Reached skill level 1 in Summonings
 13698 | D:9      | Found the +4 dagger "Morg" {pain, Will+ Int+5}
 14193 | D:10     | Entered Level 10 of the Dungeon
 14451 | D:10     | Found a staircase to the Lair.
 14452 | D:10     | Noticed Nergalle
 14470 | D:10     | Slain by a spectral orc warrior

Illustrated notes

Levels and vault maps discovered:
D:1:      elethiomel_arrival_infinity_welcomes_careful_drivers, layout_basic,
          ebering_ecumenical_altar_webs, chequers_serial_rivers_small_3,
          minivault_19, st_stairs_4, minmay_tiny_reverse_x
D:2:      kennysheep_the_goblin_king, layout_basic
D:3:      layout_loops_corners, marbit_many_paths, minmay_strange_pillars,
          uniq_terence
D:4:      layout_basic, mainiacjoe_overflow_surrounded_room,
          minmay_misc_feat_ornament
D:5:      layout_cave_pools, nicolae_hepliaklqana_monster_ancestors,
          kennysheep_generic_room_15
D:6:      layout_gridville, makhleb_grotto_becter, minmay_temple_entry_tees
D:7:      layout_cave_pods, uniq_duvessa, uniq_prince_ribbit1
D:8:      layout_loops_corners, amcnicky_mini_corridor_feature
D:9:      layout_cave_pods, enter_bailey_5
D:10:     layout_long_grid, erik_lair_orcish_takeover, orc_0_dummy,
          serial_shops, shop, gammafunk_ghost_berserking_beasts, uniq_nergalle
Temple:   mainiacjoe_temple_coin_purse

Skill      XL: |  1  2  3  4  5  6  7  8  9 10 11 |
---------------+----------------------------------+-----
Fighting       | 1 2 3 4 6 7 9 11 | 11.9
Necromancy     | 5 6 7 8 9 11 13 | 13.7
Maces & Flails | 1 3 |  3.0
Spellcasting   | 3 |  3.8
Summonings     | 3 |  3.0
Dodging        | |  2.1
Stealth        | |  2.0

Action                   |  1- 3 |  4- 6 |  7- 9 | 10-12 || total
-------------------------+-------+-------+-------+-------++-------
Melee: Short sword       |     7 |       |       |       ||     7
       Peck              |     1 |    15 |    38 |    63 ||   117
       Mace              |       |    71 |   165 |   224 ||   460
       Kick              |       |    19 |    57 |   110 ||   186
       Punch             |       |       |     1 |     4 ||     5
       Dagger            |       |       |       |    45 ||    45
 Cast: Pain              |    68 |    96 |    59 |    44 ||   267
       Vampiric Draining |     3 |     2 |    29 |    58 ||    92
       Animate Dead      |       |       |     2 |     3 ||     5
Evoke: Wand              |       |       |     4 |    13 ||    17
  Use: Scroll            |       |    18 |     3 |     5 ||    26
       Potion            |       |       |     1 |       ||     1
 Stab: Sleeping          |       |     1 |     1 |     1 ||     3
Armor: Robe              |     2 |    20 |     7 |       ||    29
       Leather armour    |       |       |    74 |       ||    74
       Steam dragon scal |       |       |     2 |   100 ||   102
Dodge: Dodged            |     7 |    74 |   310 |   313 ||   704

Table legend: (Time is in decaauts)
 A = Elapsed time spent in this place.
 B = Non-inter-level travel time spent in this place.
 C = Inter-level travel time spent in this place.
 D = Time resting spent in this place.
 E = Time spent auto-exploring this place.
 F = Levels seen in this place.
 G = Mean time per level.
                   A        B        C        D        E       F      G
               +--------+--------+--------+--------+--------+-----+--------+
         Total |  14078 |  13808 |    270 |   2182 |   8880 |  12 | 1173.2 |
       Dungeon |  12262 |  12000 |    262 |   1289 |   8571 |  10 | 1226.2 |
        Temple |     35 |     27 |      8 |      0 |     18 |   1 |   35.0 |
        Bailey |   1780 |   1780 |      0 |    893 |    290 |   1 | 1780.0 |
               +--------+--------+--------+--------+--------+-----+--------+

Top non-repeatable levels by time:
     D:4: 1954 daAuts
  Bailey: 1780 daAuts
     D:1: 1691 daAuts
     D:7: 1376 daAuts
     D:8: 1363 daAuts
     D:2: 1332 daAuts
     D:5: 1146 daAuts
     D:3: 1111 daAuts
     D:6: 1062 daAuts
     D:9: 954 daAuts
    D:10: 270 daAuts
  Temple: 35 daAuts
